 Dungeon Crawl Stone Soup version 0.32-a0-391-gce5c0aab1b (webtiles) character file.

Game seed: 5098844232737885575

13 CougarLife the Digger (level 2, 0/15 HPs)
             Began as a Gargoyle Earth Elementalist on Feb 20, 2024.
             Slain by a kobold
             ... wielding a +0 short sword
              (2 damage)
             ... on level 1 of the Dungeon.
             The game lasted 00:00:18 (372 turns).

CougarLife the Digger (Gargoyle Earth Elementalist)  Turns: 372, Time: 00:00:18

Health: 0/15       AC:  4    Str: 11    XL:     2   Next: 37%
Magic:  2/5        EV: 11    Int: 15    God:
Gold:   18         SH:  0    Dex: 10    Spells: 4/5 levels left

rFire   . . .        d - +0 dagger
rCold   . . .        (no shield)
rNeg    + . .        a - +0 robe
rPois   ∞            (no helmet)
rElec   +            (no cloak)
rCorr   .            (no gloves)
SInv    .            (no boots)
Will    .....        (no amulet)
Stlth   ++           (no ring)
HPRegen 0.22/turn    (no ring)
MPRegen 0.09/turn

%: no passive effects
@: no status effects
A: sickness immunity, AC +2, negative energy resistance 1, electricity
resistance, torment resistance 1, petrification resistance
a: no special abilities


You were on level 1 of the Dungeon.
You visited 1 branch of the dungeon, and saw 1 of its levels.

You collected 18 gold pieces.

Inventory:

Hand Weapons
 d - a +0 dagger (weapon)
Armour
 a - a +0 robe (worn)
Scrolls
 e - 2 scrolls of fog {unknown}
Potions
 b - a potion of magic
 c - a potion of enlightenment {unknown}


   Skills:
 - Level 1.5 Dodging
 - Level 2.1 Stealth
 + Level 2.3 Spellcasting
 + Level 1.6 Conjurations
 + Level 3.9 Earth Magic


You had 4 spell levels left.
You knew the following spells:

 Your Spells              Type           Power      Damage    Failure   Level
a - Sandblast             Erth           26%        2d8       4%          1

Your spell library contained the following spells:

 Spells                   Type           Power      Damage    Failure   Level
 Passwall                 Erth           13%        N/A       13%         3
 Stone Arrow              Conj/Erth      20%        3d8       21%         3
 Brom's Barrelling Bould  Conj/Erth      10%        2d3       56%         4
 Petrify                  Alch/Erth      7%         N/A       67%         4


Dungeon Overview and Level Annotations

Branches:
Dungeon (1/15)

Altars:


Innate Abilities, Weirdness & Mutations

You are immune to sickness and miasma.
Your stone body is resilient. (AC +2)
You are immune to poison.
You resist negative energy. (rN+)
You are resistant to electric shocks. (rElec)
You are resistant to unholy torment.
You are immune to petrification.


Message History

The frilled lizard bites you but does no damage.
There are monsters nearby!
The blast of sand misses the kobold.
The goblin barely misses you. The frilled lizard misses you.
The kobold hits you with a +0 club.
You hit the kobold.
You kill the kobold!
The goblin hits you but does no damage. The goblin hits you with a +0 dagger.
The frilled lizard bites you. The dart slug launches a dart at you.
The slug dart hits you.
There are monsters nearby!
You are too injured to fight recklessly!
You are too injured to fight recklessly!
There are monsters nearby!
You are too injured to fight recklessly!
You are too injured to fight recklessly!
There are monsters nearby!
You are too injured to fight recklessly!
You are too injured to fight recklessly!
The goblin barely misses you.
The frilled lizard bites you but does no damage.
The goblin hits you with a +0 dagger.
* * * LOW HITPOINT WARNING * * *
The goblin attacks as it pursues you! The goblin hits you but does no damage.
The goblin attacks as it pursues you! The goblin hits you with a +0 dagger.
* * * LOW HITPOINT WARNING * * *
Found a scroll labelled FEATYX IDOREU.
The goblin attacks as it pursues you! The goblin barely misses you.
You barely miss the goblin. The goblin closely misses you.
You closely miss the goblin. The goblin hits you with a +0 dagger.
* * * LOW HITPOINT WARNING * * *
Casting: Sandblast (safe; 4% risk of failure)
Confirm with . or Enter, or press ? or * to list all spells.
Aiming: Sandblast (safe; 4% risk of failure)
Press: ? - help, Shift-Dir - straight line, f - goblin
Aim: a goblin, wielding a +0 dagger (77% to hit)
The blast of sand hits the goblin!
You kill the goblin!
The kobold hits you with a +0 short sword.
You die...

### # ..# .# #.######.##..#
#.?..@KgB....#
########.#.....
######.#.#.##
######.....l#.#.##.
#########.........g........
#..............$...w..>....
..#######.#........).......
### #.#.#######.##..#..
#.... .........


You could see a giant cockroach, a goblin and a kobold.

Vanquished Creatures
  An endoplasm (D:1)
  A goblin (D:1)
  A hobgoblin (D:1)
  A ball python (D:1)
  2 bats (D:1)
  2 kobolds (D:1)
  A rat (D:1)
9 creatures vanquished.

Notes
Turn   | Place    | Note
-------+----------+-------------------------------------------
     0 | D:1      | CougarLife the Gargoyle Earth Elementalist began the quest
                  | for the Orb.
     0 | D:1      | Reached XP level 1. HP: 10/10 MP: 3/3
   134 | D:1      | Found a faded altar of an unknown god.
   248 | D:1      | Reached XP level 2. HP: 14/15 MP: 0/5
   372 | D:1      | Slain by a kobold

Illustrated notes

Levels and vault maps discovered:
D:1:      dpeg_arrival_radiant, layout_basic, serial_shops,
          nicolae_shop_just_a_little_nook, shapermc_ecumenical_altar_notcrosses

Action                     || total
---------------------------++-------
  Melee: Unarmed           ||    10
         Dagger            ||     4
   Cast: Sandblast         ||    10
 Armour: Robe              ||    23
  Dodge: Dodged            ||    13

Table legend: (Time is in decaauts)
 A = Elapsed time spent in this place.
 B = Non-inter-level travel time spent in this place.
 C = Inter-level travel time spent in this place.
 D = Time resting spent in this place.
 E = Time spent auto-exploring this place.
 F = Levels seen in this place.
 G = Mean time per level.
                   A        B        C        D        E       F      G
               +--------+--------+--------+--------+--------+-----+--------+
         Total |    376 |    353 |     23 |      0 |    292 |   1 |  376.0 |
       Dungeon |    376 |    353 |     23 |      0 |    292 |   1 |  376.0 |
               +--------+--------+--------+--------+--------+-----+--------+

Top non-repeatable levels by time:
     D:1: 376 daAuts
